 Dungeon Crawl Stone Soup version 0.30-a0-1035-g38d5fb2972 (webtiles) character file.

Game seed: 11188166504857021841

31 porpoise the Shooter (level 3, 0/21 HPs)
             Began as a Tengu Hexslinger on Apr 9, 2023.
             Slain by an adder (3 damage)
             ... on level 2 of the Dungeon.
             The game lasted 00:03:04 (841 turns).

porpoise the Shooter (Tengu Hexslinger)              Turns: 841, Time: 00:03:04

Health: 0/21       AC:  4    Str:  7 (10) XL:     3   Next: 22%
Magic:  3/5        EV: 12    Int: 12 (13) God:
Gold:   24         SH:  0    Dex: 13 (16) Spells: 3/4 levels left

rFire   . . .      SeeInvis .    a - +1 sling
rCold   . . .      Faith    .    (no shield)
rNeg    . . .      Spirit   .    l - +2 robe {Will+}
rPois   .          Reflect  .    (helmet restricted)
rElec   .          Rampage  .    (no cloak)
rCorr   .                        (no gloves)
Will    +....                    (boots unavailable)
Stlth   +                        (no amulet)
HPRegen 0.23/turn                (no ring)
MPRegen 0.09/turn                (no ring)

@: brilliant, lethally poisoned (0 -> -3), invisible
A: beak, talons 3
a: no special abilities


You were on level 2 of the Dungeon.
You visited 1 branch of the dungeon, and saw 2 of its levels.

You collected 24 gold pieces.

Inventory:

Hand Weapons
 a - a +1 sling (weapon)
Armour
 l - a +2 robe of willpower (worn)
 m - a +0 ring mail
Scrolls
 b - a scroll of poison
 f - 4 scrolls of identify {unknown}
 h - a scroll of amnesia {unknown}
 i - a scroll of torment {unknown}
 j - a scroll of vulnerability {unknown}
 k - a scroll of silence {unknown}
Potions
 e - a potion of degeneration
 g - a potion of curing {unknown}


   Skills:
 + Level 1.8 Fighting
 * Level 3.5 Ranged Weapons
 - Level 2.1 Dodging
 - Level 1.0 Spellcasting
 - Level 2.1 Hexes


You had 3 spell levels left.
You knew the following spells:

 Your Spells              Type           Power      Damage    Failure   Level
a - Slow                  Hex            32%        N/A       12%         1

Your spell library contained the following spells:

 Spells                   Type           Power      Damage    Failure   Level
 Shock                    Conj/Air       0%         1d3       30%         1
 Inner Flame              Hex/Fire       4%         N/A       50%         3
 Portal Projectile        Hex/Tloc       8%         N/A       50%         3
 Swiftness                Air            0%         N/A       65%         3
 Cause Fear               Hex            4%         N/A       77%         4
 Airstrike                Air            0%         2d(0-16)  96%         4


Dungeon Overview and Level Annotations

Branches:
Dungeon (2/15)

Altars:


Innate Abilities, Weirdness & Mutations

You have a beak for a mouth.
You have claws for feet.


Message History

The adder closely misses you. The adder bites you but does no damage.
You shoot a sling bullet. The sling bullet hits the adder.
The adder is moderately wounded.
You feel sick. The adder bites you.
You are more poisoned.
The adder poisons you!
You shoot a sling bullet. The sling bullet misses the adder.
You feel sick. The adder bites you.
You are lethally poisoned!
The adder poisons you! The adder barely misses you.
You shoot a sling bullet. The sling bullet misses the adder.
You feel very sick. The adder barely misses you. The adder closely misses you.
You are too injured to fight recklessly!
You are too injured to fight recklessly!
Aiming: Slow (safe; 12% risk of failure)
Press: ? - help, Q - select action, (/) - cycle Shift-Dir - straight line, f/p - adder
Aim: an adder (moderately wounded, chance to affect: 49%)
The adder seems to slow down.
You feel sick.
Aiming: Slow (safe; 12% risk of failure)
Press: ? - help, Q - select action, (/) - cycle Shift-Dir - straight line, f/p - adder
Aim: an adder (moderately wounded, slow, chance to affect: 49%)
The adder seems to slow down.
* * * LOW HITPOINT WARNING * * *
You feel sick. The adder closely misses you.
It was a potion of degeneration.
There was something very wrong with that liquid.
You feel weakened.
You feel dopey.
You feel clumsy.
* * * LOW HITPOINT WARNING * * *
You feel sick. The adder barely misses you.
It was a potion of brilliance.
You feel clever all of a sudden.
* * * LOW HITPOINT WARNING * * *
You feel sick. The adder barely misses you.
It was a potion of invisibility.
You fade into invisibility!
* * * LOW HITPOINT WARNING * * *
You feel sick. The adder bites you.
You die...

#.##.#.....#.##..#
+.##.#.###)#.##..#
####.#.# #.#.##..#
#.#.# #...##..# ..#.#
###.#...# # ###.#
#>..#.# #. #.#
#####.# #.#####.# #.#
#..@..#.# #.#
#.S##.#.# #.#
#..#..#.# #.#
....#.##.#########.#
####.#..............#
..#..#.###########
###..#.# #..#.#
####.#


You could see an adder (unable to see you, slow).

Vanquished Creatures
  A dart slug (D:1)
  An endoplasm (D:2)
  4 goblins
  2 jackals (D:1)
  3 quokkas (D:1)
  4 ball pythons (D:1)
  2 bats (D:2)
  5 frilled lizards
  3 kobolds
  5 rats (D:1)
30 creatures vanquished.

Notes
Turn   | Place    | Note
-------+----------+-------------------------------------------
     0 | D:1      | porpoise the Tengu Hexslinger began the quest for the Orb.
     0 | D:1      | Reached XP level 1. HP: 12/12 MP: 3/3
    59 | D:1      | Reached XP level 2. HP: 16/16 MP: 4/4
   135 | D:1      | Reached skill level 3 in Ranged Weapons
   518 | D:1      | Reached XP level 3. HP: 21/21 MP: 5/5
   841 | D:2      | Slain by an adder

Illustrated notes

Levels and vault maps discovered:
D:1:      minmay_arrival_doors, layout_basic, minmay_pentomino_t2
D:2:      layout_basic, basic_altar

Skill      XL: |  1  2 |
---------------+-------+-----
Ranged Weapons | 3 |  3.5
Fighting       | |  1.8
Dodging        | |  2.1
Spellcasting   | |  1.0
Hexes          | |  2.1

Action                     || total
---------------------------++-------
   Fire: Sling             ||    79
   Cast: Slow              ||     2
    Use: Potion            ||     3
 Armour: Robe              ||    13
  Dodge: Dodged            ||    24

Table legend: (Time is in decaauts)
 A = Elapsed time spent in this place.
 B = Non-inter-level travel time spent in this place.
 C = Inter-level travel time spent in this place.
 D = Time resting spent in this place.
 E = Time spent auto-exploring this place.
 F = Levels seen in this place.
 G = Mean time per level.
                   A        B        C        D        E       F      G
               +--------+--------+--------+--------+--------+-----+--------+
         Total |    861 |    831 |     30 |    135 |    506 |   2 |  430.5 |
       Dungeon |    861 |    831 |     30 |    135 |    506 |   2 |  430.5 |
               +--------+--------+--------+--------+--------+-----+--------+

Top non-repeatable levels by time:
     D:1: 687 daAuts
     D:2: 174 daAuts
